[Event "Team 45 45 League T57"]
[Site "Internet Chess Club"]
[Date "2013.06.07"]
[Round "3"]
[White "Beetlejuice"]
[Black "CzwartyWymiar"]
[Result "0-1"]
[WhiteElo "1724"]
[BlackElo "1810"]
[Opening "Catalan opening"]
[ECO "E00"]
[Time "14:00:50"]
[TimeControl "2700+45"]

1. d4 Nf6 2. c4 e6 3. g3 d5 4. Nf3 Nc6 5. Bg2 Be7 6. O-O dxc4 7. Qa4 O-O 8. Qxc4
Qd5 9. Qa4 Bd7 10. Nc3 Qh5 11. Qc4 Rab8 12. Bf4 Bd6 13. Bg5 Qg6 14. e4 b5 15.
Qe2 Nxd4 16. Nxd4 Qxg5 17. Qd3 b4 18. Nd1 a5 19. Ne3 Rfd8 20. Rfd1 Qg6 21. f4
Bc5 22. Qc2 Ba7 23. Qxc7 Bb6 24. Qe5 Ng4 25. Nxg4 Qxg4 26. Rd2 f6 27. Qd6 Ba4
28. h3 Qxg3 29. Qxe6+ Kh8 30. Qxb6 Rxb6 31. Nf5 Rxd2 32. Nxg3 Rxb2 33. Rc1 Rb8
34. Rc5 Rxa2 35. Rxa5 Bb3 36. Rc5 Bf7 37. e5 b3 38. exf6 gxf6 39. Rc7 Rxg2+ 40.
Kxg2 Bd5+ 41. Kf2 b2 {White resigns} 0-1

[Event "Team 45 45 League T57"]
[Site "Internet Chess Club"]
[Date "2013.06.06"]
[Round "3"]
[White "Goli"]
[Black "TerryMalloy"]
[Result "1/2-1/2"]
[WhiteElo "1902"]
[BlackElo "2000"]
[Opening "Sicilian: Alapin's variation (2.c3)"]
[ECO "B22"]
[Time "15:20:52"]
[TimeControl "2700+45"]

1. e4 c5 2. c3 Nf6 3. e5 Nd5 4. d4 cxd4 5. cxd4 d6 6. Nf3 Nc6 7. Bc4 Nb6 8. Bb5
dxe5 9. Nxe5 Bd7 10. Bxc6 Bxc6 11. Nxc6 bxc6 12. O-O g6 13. Re1 Bg7 14. Bg5 O-O
15. Bxe7 Qxd4 16. Nc3 Rfe8 17. Qxd4 Bxd4 18. g3 Nc4 19. Re4 Nd2 20. Re2 Rab8 21.
Rxd2 Bxc3 22. bxc3 Rxe7 23. Rad1 Kg7 24. Rd7 Rb7 25. Rxe7 Rxe7 26. Kf1 {Game
drawn by mutual agreement} 1/2-1/2

[Event "Team 45 45 League T57"]
[Site "Internet Chess Club"]
[Date "2013.06.07"]
[Round "3"]
[White "Packerfan"]
[Black "room-matt"]
[Result "0-1"]
[WhiteElo "1741"]
[BlackElo "1775"]
[Opening "Evans gambit: Cordel variation"]
[ECO "C51"]
[Time "15:00:25"]
[TimeControl "2700+45"]

1. e4 e5 2. Nf3 Nc6 3. Bc4 Bc5 4. b4 Bxb4 5. c3 Be7 6. d4 Na5 7. Nxe5 Nxc4 8.
Nxc4 d5 9. exd5 Qxd5 10. Ne3 Qe4 11. O-O Nf6 12. c4 Qg6 13. Qf3 O-O 14. Nc3 c6
15. Bb2 Re8 16. Rfe1 Bd6 17. h3 Bd7 18. d5 Nh5 19. dxc6 Bxc6 20. Ncd5 Bb4 21.
Red1 Rad8 22. a3 Bd6 23. Nf5 Nf6 24. Nfe7+ Rxe7 25. Nxe7+ Bxe7 26. Qg3 Qxg3 27.
fxg3 h6 28. Rxd8+ Bxd8 29. Rd1 Bb6+ 30. Kf1 Ne4 31. Rd3 Bc7 32. g4 b5 33. c5
Nxc5 34. Rc3 Bb6 35. Bc1 Bb7 36. Be3 Ne4 37. Rd3 Bxe3 38. Rxe3 a5 39. Rd3 b4 40.
axb4 axb4 41. Rd4 b3 42. Rb4 Bd5 43. Ke1 f6 44. Kd1 Kf7 45. Rb6 Nc3+ 46. Kc1 Na4
47. Rb4 Nc5 48. Rb5 Nd3+ 49. Kd2 Bc4 50. Rb6 b2 51. Kc2 g6 52. Kb1 Bd5 53. Rd6
Be4 54. Rd4 f5 55. gxf5 gxf5 56. Ka2 Kf6 57. Rd6+ Kg5 58. g3 h5 59. Rd4 Kf6 60.
Rd6+ Ke5 61. Rh6 Bf3 62. g4 hxg4 63. hxg4 fxg4 64. Rh8 g3 65. Rg8 g2 66. Rg7 Kf4
67. Kb1 Ke3 68. Kc2 Kf2 69. Rxg2+ Bxg2 70. Kb1 Ke2 71. Ka2 Kd2 72. Kb1 Be4 73.
Ka2 Kc2 {White resigns} 0-1

[Event "Team 45 45 League T57"]
[Site "Internet Chess Club"]
[Date "2013.06.10"]
[Round "3"]
[White "Ayensa80"]
[Black "Buford-Julep"]
[Result "1-0"]
[WhiteElo "1734"]
[BlackElo "1733"]
[Opening "French: MacCutcheon, Lasker variation"]
[ECO "C12"]
[Time "13:08:11"]
[TimeControl "2700+45"]

1. e4 e6 2. d4 d5 3. Nc3 Nf6 4. Bg5 Bb4 5. e5 h6 6. Bd2 Bxc3 7. bxc3 Ne4 8. Qg4
g5 9. Bd3 Nxd2 10. Kxd2 c5 11. h4 c4 12. Be2 Rg8 13. Nf3 Nd7 14. hxg5 hxg5 15.
Rh7 Nf8 16. Rh5 Qb6 17. Rxg5 Ng6 18. Nh4 Bd7 19. Nxg6 fxg6 20. Rxg6 Rf8 21. Qh4
Ba4 22. Rg7 Rf7 23. Bh5 {Black resigns} 1-0

[Event "Team 45 45 League T57"]
[Site "Internet Chess Club"]
[Date "2013.06.08"]
[Round "3"]
[White "bondguy01"]
[Black "tsia68"]
[Result "1/2-1/2"]
[WhiteElo "1672"]
[BlackElo "1735"]
[Opening "King's Indian: Makagonov system (5.h3)"]
[ECO "E71"]
[Time "11:05:54"]
[TimeControl "2700+45"]

1. d4 Nf6 2. c4 g6 3. Nc3 Bg7 4. e4 d6 5. h3 O-O 6. Bg5 c5 7. d5 b5 8. cxb5 a6
9. a4 Qa5 10. Bd2 Qb4 11. Bd3 c4 12. Bc2 Nbd7 13. Rb1 Qc5 14. Be3 Qb4 15. Ne2
axb5 16. axb5 Nc5 17. Bxc5 Qxc5 18. O-O Nd7 19. Kh1 Nb6 20. Qd2 Bd7 21. Qe3 Rfc8
22. b4 cxb3 23. Rxb3 Qxe3 24. fxe3 Rc5 25. Bd3 e5 26. Kh2 Bh6 27. Rf3 Ra1 28.
Nb1 Ra5 29. Nbc3 Ra1 30. Nb1 Ra5 31. Nbc3 Ra1 {Game drawn by repetition} 1/2-1/2